 Dungeon Crawl Stone Soup version 0.31-a0-95-g6fa058ef04 (webtiles) character file.

Game seed: 16665336486928137833

5525 greasedhog the Carver (level 10, 0/81 HPs)
             Began as a Black Draconian Fighter on May 25, 2023.
             Was an Initiate of Qazlal.
             Slain by a boulder beetle (44 damage)
             ... on level 7 of the Dungeon.
             The game lasted 00:16:19 (9911 turns).

greasedhog the Carver (Black Draconian Fighter)     Turns: 9911, Time: 00:16:20

Health: 0/81       AC:  8    Str: 18      XL:     10   Next: 43%
Magic:  10/10      EV: 14    Int:  8 (10) God:    Qazlal [......]
Gold:   382        SH:  4    Dex: 12 (14) Spells: 9/9 levels left

rFire   + . .        a - +0 long sword (heavy)
rCold   + . .        b - +0 buckler
rNeg    . . .        (body armour unavailable)
rPois   .            (helmet restricted)
rElec   +            (no cloak)
rCorr   .            m - +0 pair of gloves
SInv    .            (no boots)
Will    .....        i - amulet of the acrobat
Stlth   +            r - ring of protection from fire
HPRegen 0.33/turn    s - ring of protection from cold
MPRegen 0.12/turn

%: acrobat
@: about to teleport
A: breathe lightning, AC +7, unfitting armour, electricity resistance,
cold-blooded
a: Breathe Lightning, Renounce Religion


You were on level 7 of the Dungeon.
You worshipped Qazlal.
Qazlal was noncommittal.
You visited 2 branches of the dungeon, and saw 8 of its levels.

You collected 436 gold pieces.
You spent 54 gold pieces at shops.

Inventory:

Hand Weapons
 a - a +0 heavy long sword (weapon)
Missiles
 c - 4 javelins (quivered)
 f - 2 throwing nets
 q - 3 curare-tipped darts
Armour
 b - a +0 buckler (worn)
 m - a +0 pair of gloves (worn)
Jewellery
 i - an amulet of the acrobat (around neck)
 r - a ring of protection from fire (left hand)
 s - a ring of protection from cold (right hand)
 x - a ring of resist corrosion
Scrolls
 e - a scroll of vulnerability {unknown}
 g - 2 scrolls of fog
 h - a scroll of magic mapping {unknown}
 j - a scroll of teleportation
 l - a scroll of blinking {unknown}
 p - a scroll of fear {unknown}
 t - a scroll of immolation {unknown}
 v - a scroll of enchant weapon {unknown}
 w - 2 scrolls of poison
 y - a scroll of amnesia {unknown}
Potions
 d - 4 potions of curing
 u - a potion of invisibility {unknown}
 z - a potion of mutation {unknown}
 A - 2 potions of attraction


   Skills:
 - Level 5.3 Fighting
 * Level 12.8 Long Blades
 + Level 8.1 Dodging
 - Level 3.0 Shields


You had 9 spell levels left.
You didn't know any spells.
Your spell library was empty.

Dungeon Overview and Level Annotations

Branches:
Dungeon (7/15)             Temple (1/1) D:7

Altars:
Ashenzari
Dithmenos
Elyvilon
Fedhas
Gozag
Hepliaklqana
Makhleb
Nemelex Xobeh
Qazlal
Ru
Sif Muna
Vehumet
Xom
Yredelemnul
Zin
The Shining One

Shops:
D:5 ([:(

Annotations:
D:6 3 runed translucent doors, roninjake's ghost, novice DsFi


Innate Abilities, Weirdness & Mutations

You can breathe wild blasts of lightning.
Your glossy black scales are hard. (AC +7)
You cannot fit into any form of body armour.
You are resistant to electric shocks. (rElec)
You are cold-blooded and may be slowed by cold attacks.


Message History

The troll is heavily wounded.
The troll bites you. The troll claws you. x2
You hit the troll but do no damage.
The troll is heavily wounded.
The troll misses you. The troll claws you!
* * * LOW HITPOINT WARNING * * *
The troll claws you.
* * * LOW HITPOINT WARNING * * *
Unknown command.
As you read the scroll of teleportation, it crumbles to dust.
You feel strangely unstable. The troll completely misses you.
The troll claws you.
* * * LOW HITPOINT WARNING * * *
The troll misses you. The troll attacks as you move away!
The troll barely misses you. The troll claws you but does no damage.
The troll claws you.
* * * LOW HITPOINT WARNING * * *
The troll attacks as you move away! The troll barely misses you.
The troll closely misses you. The troll completely misses you.
The troll attacks as you move away! You block the troll's attack.
The troll claws you but does no damage. The troll closely misses you.
Your surroundings suddenly seem different.
A boulder beetle comes into view.
As you read the scroll of teleportation, it crumbles to dust.
You feel strangely unstable.
You have got your breath back.
Your surroundings seem slightly different.
Things that are here:
a +0 ring mail; a +4 antimagic trident; a +0 giant club
Okay, then.
As you read the scroll of fog, it crumbles to dust.
The scroll dissolves into smoke.
c - 4 javelins (gained 1)
You see here a javelin.
The boulder beetle curls into a ball and begins rolling!
As you read the scroll of teleportation, it crumbles to dust.
You feel strangely unstable.
You feel much better. The boulder beetle hits you!!!
Ouch! That really hurt!
You die...

#.# #.#### #.#
#.# #.# #.# #.#
#.# #.# #.#
#.####.#
#...#### #.B.# ♣
#@#○# .♣#
#.#B#♣♣♣♣.#
#.#°#♣.♣..#
#.#°#♣....#
#.#§#♣§...# ♣
#§§§#§§..♣♣♣...♣
##§§§§§...B.B...
##§#§♣♣♣♣♣♣...♣
#§#♣.♣ ♣♣


You could see a boulder beetle (rolling).

Vanquished Creatures
  A komodo dragon (D:7)
  2 trolls
  Grinder (D:3)
  Prince Ribbit (D:7)
  Menkaure (D:7)
  2 steam dragons (D:7)
  A water moccasin (D:6)
  Duvessa (D:7)
  A black bear (D:3)
  2 hornet zombies (D:7)
  3 ice beasts
  A sky beast (D:6)
  4 ogres
  2 centaurs
  A kobold brigand (D:6)
  4 bullfrogs
  2 wyvern zombies (D:7)
  2 water moccasin zombies (D:7)
  A gnoll sergeant (D:7)
  A scorpion (D:6)
  19 wights
  Dowan (D:7)
  2 howler monkeys
  A centaur zombie (D:7)
  5 hounds
  2 gnoll boudas
  3 orc priests
  2 sleepcaps (D:6)
  Jessica (D:2)
  4 iguanas
  3 orc wizards
  4 killer bee zombies (D:7)
  A howler monkey zombie (D:7)
  Robin (D:2)
  5 adders
  10 gnolls
  2 shadow imps
  2 white imps (D:7)
  An ufetubus (D:7)
  3 worms
  3 dart slugs
  19 orcs
  10 endoplasms
  2 giant cockroaches (D:1)
  11 goblins
  8 hobgoblins
  4 jackals (D:1)
  3 quokkas
  6 ball pythons
  3 bats (D:1)
  4 frilled lizards
  9 kobolds
  7 rats
195 creatures vanquished.

Notes
Turn   | Place    | Note
-------+----------+-------------------------------------------
     0 | D:1      | greasedhog the Draconian Fighter began the quest for the
                  | Orb.
     0 | D:1      | Reached XP level 1. HP: 19/19 MP: 1/1
    75 | D:1      | Reached XP level 2. HP: 26/26 MP: 2/2
   274 | D:1      | Reached skill level 3 in Long Blades
   550 | D:1      | Reached XP level 3. HP: 33/33 MP: 3/3
  1011 | D:2      | Noticed Jessica
  1016 | D:2      | Killed Jessica
  1054 | D:2      | Reached XP level 4. HP: 39/40 MP: 4/4
  1055 | D:2      | Noticed Robin
  1129 | D:2      | Killed Robin
  1161 | D:2      | Reached skill level 4 in Long Blades
  1733 | D:2      | HP: 1/41 [gnoll bouda/+0 club (3)]
  1735 | D:2      | Reached XP level 5. HP: 2/47 MP: 5/5
  2028 | D:3      | Noticed Grinder
  2034 | D:3      | Paralysed by Grinder for 3 turns
  2038 | D:3      | Killed Grinder
  2039 | D:3      | Reached skill level 5 in Fighting
  2039 | D:3      | Reached skill level 5 in Long Blades
  2039 | D:3      | Reached XP level 6. HP: 48/56 MP: 6/6
  2081 | D:3      | Reached skill level 6 in Long Blades
  2265 | D:3      | Found a white marble altar of Elyvilon.
  2714 | D:4      | Your scales start taking on a glossy black colour.
  2714 | D:4      | Reached XP level 7. HP: 51/61 MP: 7/7
  2714 | D:4      | Gained mutation: You are resistant to electric shocks.
                  | (rElec) [Black Draconian growth]
  2763 | D:4      | Found a stormy altar of Qazlal.
  3739 | D:5      | Entered Level 5 of the Dungeon
  4166 | D:5      | Reached skill level 7 in Long Blades
  4231 | D:5      | Found Qanaoxos's Antique Armour Emporium.
  4248 | D:5      | Found Kefosy's Weapon Emporium.
  4257 | D:5      | Bought 3 curare-tipped darts for 54 gold pieces
  4355 | D:5      | Found Xuimeok's Book Shop.
  4638 | D:5      | Found Lohulany's Antique Weapon Boutique.
  4785 | D:5      | Reached XP level 8. HP: 68/68 MP: 8/8
  5118 | D:6      | Reached skill level 8 in Long Blades
  5194 | D:6      | Reached skill level 5 in Dodging
  5378 | D:6      | Reached skill level 9 in Long Blades
  5826 | D:6      | Found a glowing golden altar of the Shining One.
  6355 | D:6      | Reached XP level 9. HP: 34/74 MP: 9/9
  6622 | D:6      | Found a runed translucent gate.
  6622 | D:6      | Found a runed translucent gate.
  6622 | D:6      | Found a runed translucent gate.
  6625 | D:6      | Noticed roninjake's ghost (novice DsFi)
  6860 | D:7      | Reached skill level 10 in Long Blades
  7542 | D:7      | Noticed Prince Ribbit
  7546 | D:7      | Reached skill level 11 in Long Blades
  7552 | D:7      | Killed Prince Ribbit
  7555 | D:7      | Noticed a komodo dragon
  7579 | D:7      | Killed a komodo dragon
  7699 | D:7      | Noticed Duvessa
  7704 | D:7      | Killed Duvessa
  7705 | D:7      | Noticed Dowan
  7712 | D:7      | Killed Dowan
  8006 | D:7      | Reached XP level 10. HP: 70/75 MP: 10/10
  8090 | D:7      | Reached skill level 12 in Long Blades
  8183 | D:7      | Noticed Menkaure
  8249 | D:7      | Killed Menkaure
  9216 | D:7      | Found a staircase to the Ecumenical Temple.
  9221 | Temple   | Entered the Ecumenical Temple
  9442 | D:4      | Became a worshipper of Qazlal Stormbringer
  9528 | D:7      | Noticed a green ugly thing
  9895 | D:7      | Noticed a boulder beetle
  9911 | D:7      | Slain by a boulder beetle

Illustrated notes

Levels and vault maps discovered:
D:1:      dpeg_arrival_leaves_temple_mockup, layout_basic, minmay_circled_x
D:2:      layout_basic, uniq_jessica, uniq_robin
D:3:      layout_rooms, mainiacjoe_overflow_catwalk, nicolae_grassy_gnolls,
          uniq_grinder
D:4:      layout_basic, nicolae_qazlal_general_emergency
D:5:      layout_loops_corners, serial_shops, shop, nicolae_lakefront_shop,
          shop, nicolae_shop_advertising_works [nicolae_subvault_shop_adworks]
D:6:      layout_loops_corners, kennysheep_little_box,
          gammafunk_ghost_necromancy
D:7:      nzn_winding_woodlands_stair_cross [nzn_winding_woodlands_5x15_parted,
          nzn_winding_woodlands_center_triple_pond,
          nzn_winding_woodlands_5x15_eye, nzn_winding_woodlands_5x5_three,
          nzn_winding_woodlands_5x5_open_star,
          nzn_winding_woodlands_5x15_jagged,
          nzn_winding_woodlands_center_garden,
          nzn_winding_woodlands_5x15_sawtooth], layout_loops_ring,
          temple_statues, serial_undead, serial_undead_a, serial_undead_a,
          serial_undead_c, serial_undead_c, serial_undead_e, serial_undead_a,
          serial_undead_b, serial_undead_e, uniq_prince_ribbit1, uniq_duvessa,
          uniq_menkaure
Temple:   nicolae_temple_god_jail

Skill      XL: |  1  2  3  4  5  6  7  8  9 10 |
---------------+-------------------------------+-----
Long Blades    | 3 4 5 6 7 9 11 12 | 12.8
Fighting       | 4 5 |  5.3
Dodging        | 3 4 5 7 8 |  8.1
Shields        | |  3.0

Action                     |  1- 3 |  4- 6 |  7- 9 | 10-12 || total
---------------------------+-------+-------+-------+-------++-------
  Melee: Long sword        |    99 |   162 |   299 |    64 ||   624
         Tailslap          |     8 |    18 |    40 |    24 ||    90
         Falchion          |       |       |       |    70 ||    70
  Throw: Dart              |       |       |     3 |       ||     3
         Javelin           |       |       |     2 |     9 ||    11
Ability: Breathe Lightning |       |       |    19 |     9 ||    28
    Use: Scroll            |       |     3 |     3 |     5 ||    11
         Potion            |       |     1 |     3 |     4 ||     8
   Stab: Sleeping          |       |     1 |     1 |       ||     2
 Armour: Skin              |    37 |    47 |   102 |    24 ||   210
  Dodge: Dodged            |    62 |    76 |   227 |   114 ||   479
  Block: Buckler           |    20 |    32 |    76 |    31 ||   159

Table legend: (Time is in decaauts)
 A = Elapsed time spent in this place.
 B = Non-inter-level travel time spent in this place.
 C = Inter-level travel time spent in this place.
 D = Time resting spent in this place.
 E = Time spent auto-exploring this place.
 F = Levels seen in this place.
 G = Mean time per level.
                   A        B        C        D        E       F      G
               +--------+--------+--------+--------+--------+-----+--------+
         Total |  10097 |   9688 |    409 |   2292 |   5457 |   8 | 1262.1 |
       Dungeon |  10025 |   9630 |    395 |   2292 |   5411 |   7 | 1432.1 |
        Temple |     71 |     57 |     14 |      0 |     46 |   1 |   71.0 |
               +--------+--------+--------+--------+--------+-----+--------+

Top non-repeatable levels by time:
     D:6: 2842 daAuts
     D:7: 1800 daAuts
     D:5: 1454 daAuts
     D:4: 1315 daAuts
     D:1: 972 daAuts
     D:2: 966 daAuts
     D:3: 673 daAuts
  Temple: 71 daAuts
